cohdb
Replays
Latest Replays
All Replays
Popular Replays
Top Player Replays
Match Explorer
How It Works
Community
CoH3 Stats
Reddit
Sign in to upload your games and track your stats! →
Sign in with Steam
Match 44841016
Unlisted
Match 44841016
Overview
Messages
Build Orders
End
Vickers Machine Gun Team
Construct Section Command Post
Selects Canadian Shock Battlegroup
Infantry Section
Vickers Machine Gun Team
Construct Field Infirmary
Selects Attacking Spirit
Selects Canadian Shock Section
Infantry Section
Royal Engineer Section
Construct Platoon Command Post
Humber Armored Car
Selects Burnout
CMP 15cwt Truck
Team Weapon Training
Light Vehicle Training
Vickers Machine Gun Team
Humber Armored Car
Selects Pyrotechnics
Burnout
Vickers Machine Gun Team
6-pounder Anti-tank Gun Team
Infantry Training
6-pounder Anti-tank Gun Team
6-pounder Anti-tank Gun Team
hmkz
pagep
0
0
Comments
sign in to comment!
No comments posted yet!